Map: Forteresse de fer EC

Players

DarkTemplar - Winner!

  • Race: Protoss Protoss

AgCl

  • Race: Protoss Protoss

VOD

Have the link to the VOD?

Description

Time

  • Played on: May 5, 2015, 5:13 a.m.
  • Length: 8:15
Show
View Real Time Build Order
Export as new Build Order

DarkTemplar Protoss - Winner!

Build Orders:  

Get SALT Encoding   

  12  0:01  Probe  
  13  0:13  Probe  
  14  0:19  Pylon  
  14  0:27  Assimilator  
  14  0:37  Probe (Chrono Boost)  
  15  0:46  Gateway  
  15  0:47  Probe (Chrono Boost)  
  16  0:54  Probe (Chrono Boost)  
  17  1:06  Probe (Chrono Boost)  
  18  1:15  Probe (Chrono Boost)  
  19  1:23  Probe, Pylon  
  20  1:33  Pylon  
  20  1:36  Probe  
  20  1:38  Cybernetics Core  
  21  1:50  Probe  
  22  2:07  Nexus  
  24  2:15  Mothership Core (Chrono Boost)  
  24  2:16  Warp Gate (Chrono Boost)  
  24  2:18  Pylon  
  24  2:23  Assimilator  
  24  2:34  Robotics Facility  
  22  2:45  Probe (Chrono Boost)  
  22  2:53  Adept (Chrono Boost)  
  22  2:55  Probe (Chrono Boost)  
  25  3:02  Probe  
  26  3:14  Probe  
  26  3:19  Probe  
  30  3:20  Adept (Chrono Boost)  
  30  3:27  Probe  
  31  3:31  Probe  
  31  3:33  Immortal  
  36  3:39  Probe  
  37  3:43  Probe (Chrono Boost)  
  40  3:55  Probe (Chrono Boost)  
  40  3:57  Probe (Chrono Boost)  
  41  4:03  Robotics Bay  
  41  4:04  Probe (Chrono Boost)  
  41  4:09  Probe (Chrono Boost)  
  42  4:14  Probe (Chrono Boost)  
  42  4:16  Probe (Chrono Boost)  
  44  4:23  Probe (Chrono Boost)  
  45  4:29  Observer (Chrono Boost)  
  47  4:32  Pylon  
  47  4:33  Probe (Chrono Boost)  
  47  4:34  Probe (Chrono Boost), Assimilator  
  48  4:39  Assimilator  
  48  4:40  Probe x2 (Chrono Boost)  
  48  4:43  Pylon  
  50  4:51  Probe, Warp Prism (Chrono Boost)  
  50  4:52  Probe  
  54  4:56  Stalker  
  54  5:15  Probe (Chrono Boost)  
  54  5:21  Stalker, Probe (Chrono Boost)  
  58  5:28  Gateway  
  58  5:29  Gravitic Drive  
  58  5:30  Gateway  
  58  5:33  Gateway  
  62  5:36  Disruptor (Chrono Boost)  
  59  6:07  Probe (Chrono Boost), Forge  
  61  6:12  Probe (Chrono Boost)  
  61  6:14  Pylon  
  62  6:20  Disruptor  
  62  6:21  Probe (Chrono Boost)  
  62  6:22  Probe (Chrono Boost)  
  62  6:24  Nexus  
  67  6:37  Disruptor (Chrono Boost)  
  67  6:42  Photon Cannon  
  67  6:46  Stalker, Photon Cannon  
  69  6:52  Photon Cannon  
  69  6:59  Disruptor  
  69  7:02  Pylon  
  69  7:05  Pylon  
  69  7:06  Stalker  
  67  7:09  Pylon  
  67  7:10  Probe x2, Pylon  
  67  7:12  Stalker  
  67  7:21  Stalker x2  
  67  7:22  Probe  
  72  7:29  Probe  
  73  7:34  Probe  
  73  7:35  Disruptor  
  72  7:41  Probe  
  67  7:46  Stalker x4, Probe  
  80  7:53  Probe x2  
  82  7:58  Probe  
Show
View Real Time Build Order
Export as new Build Order

AgCl Protoss 

Build Orders: Dark Templar Rush 

Get SALT Encoding   

  13  0:12  Probe  
  13  0:13  Pylon  
  13  0:25  Probe  
  14  0:38  Gateway  
  14  0:40  Assimilator  
  15  0:42  Probe (Chrono Boost)  
  15  0:52  Probe (Chrono Boost)  
  16  0:59  Probe, Pylon  
  17  1:12  Probe  
  18  1:25  Zealot (Chrono Boost)  
  21  1:28  Cybernetics Core, Probe  
  21  1:41  Probe  
  21  1:42  Gateway  
  22  1:54  Probe (Chrono Boost)  
  23  2:01  Assimilator  
  23  2:05  Probe (Chrono Boost)  
  23  2:06  Pylon  
  24  2:10  Warp Gate (Chrono Boost)  
  24  2:11  Probe  
  25  2:25  Probe  
  26  2:32  Twilight Council  
  26  2:37  Probe  
  25  3:02  Gateway, Probe (Chrono Boost)  
  26  3:12  Mothership Core (Chrono Boost)  
  28  3:22  Dark Shrine  
  28  3:25  Nexus  
  28  3:41  Gateway  
  28  3:43  Probe  
  29  4:03  Pylon  
  29  4:07  Pylon  
  29  4:12  Pylon  
  29  4:21  Gateway  
  29  4:23  Pylon  
  30  4:25  Stalker x2  
  30  4:30  Stalker  
  33  4:46  Dark Templar  
  33  4:51  Probe (Chrono Boost)  
  37  4:53  Dark Templar  
  37  4:55  Probe (Chrono Boost)  
  35  5:19  Probe (Chrono Boost)  
  35  5:21  Probe (Chrono Boost)  
  37  5:23  Assimilator  
  37  5:27  Pylon, Assimilator  
  37  5:28  Stargate  
  38  5:30  Dark Templar  
  38  5:31  Probe (Chrono Boost)  
  38  5:34  Probe  
  41  5:40  Probe  
  42  5:47  Probe  
  43  5:52  Probe (Chrono Boost)  
  42  5:59  Probe (Chrono Boost)  
  44  6:10  Probe x2 (Chrono Boost)  
  45  6:12  Oracle (Chrono Boost)  
  45  6:14  Probe (Chrono Boost)  
  45  6:16  Probe (Chrono Boost)  
  50  6:21  Probe  
  50  6:23  Stargate  
  50  6:24  Pylon  
  51  6:28  Probe (Chrono Boost)  
  51  6:31  Pylon  
  52  6:35  Dark Templar  
  52  6:36  Probe (Chrono Boost)  
  55  6:40  Probe (Chrono Boost)  
  61  6:48  Phoenix (Chrono Boost)  
  61  6:49  Probe x2 (Chrono Boost)  
  61  6:51  Stalker  
  62  6:57  Probe  
  52  7:05  Void Ray (Chrono Boost)  
  52  7:08  Probe  
  57  7:19  Probe  
  55  7:30  Void Ray (Chrono Boost)  
  47  7:45  Probe (Chrono Boost)  
  47  7:48  Pylon  
  47  7:49  Probe (Chrono Boost)  
  49  7:57  Probe (Chrono Boost)  
  50  8:01  Probe (Chrono Boost), Forge  
  50  8:03  Probe (Chrono Boost)  
Tags
 
Add a new tag
Caveats
  • Supply blocks, unpowered buildings, or Contaminate may cause inaccurate times.
  • Supply counts are checked every 10 seconds.